 Dungeon Crawl Stone Soup version 0.26.1-10-gdfb7c7de75 (webtiles) character file.

Game seed: 9023022636339341912

107 phalm the Insei (level 4, -1/28 HPs)
             Began as an Octopode Transmuter on Apr 2, 2021.
             Was an Initiate of Nemelex Xobeh.
             Slain by an orc
             ... wielding a +0 trident
              (9 damage)
             ... on level 3 of the Dungeon.
             The game lasted 00:03:04 (2291 turns).

phalm the Insei (Octopode Transmuter)               Turns: 2291, Time: 00:03:05

Health: -1/28      AC:  1    Str:  9    XL:     4   Next: 85%
Magic:  6/8        EV: 14    Int: 15    God:    Nemelex Xobeh [......]
Gold:   195        SH:  0    Dex: 13    Spells: 5/8 levels left

rFire    . . .     SeeInvis .     - Unarmed
rCold    + . .     Faith    .   (no shield)
rNeg     . . .     Spirit   .   (helmet restricted)
rPois    .         Reflect  .   (no amulet)
rElec    .         Harm     .   g - ring of protection from cold
rCorr    .         Rampage  .   (no ring)
Will     .....                  (no ring)
Stlth    +++.......             (no ring)
HPRegen  0.09/turn              (no ring)
MPRegen  0.11/turn              (no ring)
                                (no ring)
                                (no ring)

@: no status effects
A: almost no armour, stealthy swim, amphibious, 8 rings, constrict 8, camouflage
1, gelatinous body 1
a: Renounce Religion, Draw Escape, Draw Destruction, Draw Summoning


You were on level 3 of the Dungeon.
You worshipped Nemelex Xobeh.
Nemelex Xobeh was noncommittal.
You visited 1 branch of the dungeon, and saw 3 of its levels.

You collected 195 gold pieces.

Inventory:

Missiles
 f - 109 stones
Jewellery
 g - a ring of protection from cold (left tentacle)
Wands
 h - a wand of random effects (22)
Scrolls
 a - 2 scrolls of remove curse {unknown}
 e - a scroll of amnesia {unknown}
 i - a scroll of identify {unknown}
 j - a scroll of teleportation {unknown}
 k - a scroll of fear {unknown}
Potions
 b - a potion of haste {unknown}
 c - 4 potions of curing {unknown}
 d - 2 potions of attraction {unknown}


   Skills:
 + Level 1.5 Fighting
 + Level 2.4 Dodging
 + Level 1.5 Stealth
 + Level 3.3 Unarmed Combat
 * Level 2.8 Spellcasting
 * Level 3.0 Transmutations
 + Level 0.8 Invocations


You had 5 spell levels left.
You knew the following spells:

 Your Spells              Type           Power        Failure   Level
a - Beastly Appendage     Tmut           22%          6%          1
b - Wereblood             Tmut           11%          9%          2

Your spell library contained the following spells:

 Spells                   Type           Power        Failure   Level
 Spider Form              Tmut/Pois      3%           32%         3
 Ice Form                 Ice/Tmut       6%           73%         4
 Blade Hands              Tmut           5%           85%         5


Dungeon Overview and Level Annotations

Branches:
Dungeon (3/15)

Altars:
Nemelex Xobeh


Innate Abilities, Weirdness & Mutations

You cannot wear most types of armour.
You are very stealthy in the water. (Stealth+)
You are amphibious.
You can wear up to eight rings at the same time.
You can use your tentacles to constrict eight enemies at once.
Your skin changes colour to match your surroundings (Stealth+).
Your rubbery body absorbs attacks. (AC +1, EV +1)


Message History

* * * LOW HITPOINT WARNING * * *
You are too injured to fight recklessly!
The orc closely misses you.
Items here: )) [ †.
You closely miss the orc. You grab the orc.
You constrict the orc, but do no damage.
The orc barely misses you.
You tentacle-slap the orc.
The orc is moderately wounded.
You constrict the orc, but do no damage.
The orc misses you.
You tentacle-slap the orc.
The orc is severely wounded.
You constrict the orc.
You tentacle-slap the orc but do no damage.
The orc is almost dead.
You constrict the orc, but do no damage.
The orc hits you with a +0 trident!
You die...
Your body disappears without a glow.

#######.### #.#
#..........# #.#
#.######.#.## #.#
###......#....#
#.#
........#.#..##
#.#
.......#.#...#
#.. #...(.#.##>.#
#.o...#.....# #@#
#.##..# #.#
#.##..# #.#
#.##..#
#)###.##..#####.#
#........[.......
#####..#...#.....
#..#..†......
#..#...#.#...
########## ##


You could see an orc.

Vanquished Creatures
  An orc priest (D:3)
  An orc wizard (D:3)
  An adder (D:2)
  A worm (D:2)
  A leopard gecko (D:2)
  2 orcs (D:3)
  3 ball pythons
  4 giant cockroaches
  3 goblins (D:1)
  6 hobgoblins (D:1)
  3 bats
  A frilled lizard (D:2)
  A kobold (D:1)
  8 rats
36 creatures vanquished.

Notes
Turn   | Place    | Note
-------+----------+-------------------------------------------
     0 | D:1      | phalm the Octopode Transmuter began the quest for the Orb.
     0 | D:1      | Reached XP level 1. HP: 13/13 MP: 3/3
   281 | D:1      | Reached XP level 2. HP: 18/18 MP: 3/5
   317 | D:1      | Learned a level 2 spell: Wereblood
  1473 | D:1      | Found a sparkling altar of Nemelex Xobeh.
  1480 | D:1      | Became a worshipper of Nemelex Xobeh the Trickster
  1642 | D:2      | Reached skill level 1 in Stealth
  1642 | D:2      | Reached XP level 3. HP: 21/23 MP: 2/6
  2265 | D:3      | Reached XP level 4. HP: 28/28 MP: 3/7
  2291 | D:3      | Slain by an orc

Illustrated notes

Levels and vault maps discovered:
D:1:      noname_arrival_rooms_in_the_neighbourhood, layout_basic,
          serial_aquarium, aquarium_bridge_straight [aquarium_subvault_bridge,
          aquarium_subvault_wall, aquarium_subvault_bridge,
          aquarium_subvault_wall], aquarium_window_corner, aquarium_window_fake,
          aquarium_view_2c, aquarium_view_2d, nemelex_diamond_rough_becter
D:2:      layout_basic, minmay_tetromino_s2
D:3:      layout_loops_ring, yredelemnul_forgotten_temple_becter,
          wad_rectangle_vault, uniq_jessica

Skill      XL: |  1  2  3  4 |
---------------+-------------+-----
Stealth        | 1 |  1.5
Transmutations | 3 |  3.0
Fighting       | |  1.5
Dodging        | |  2.4
Unarmed Combat | |  3.3
Spellcasting   | |  2.8
Invocations    | |  0.8

Action                   |  1- 3 |  4- 6 || total
-------------------------+-------+-------++-------
Melee: Unarmed           |    79 |    11 ||    90
       Constrict         |    21 |     5 ||    26
       Kick              |    13 |     1 ||    14
       Tentacles         |    10 |     2 ||    12
       Punch             |     2 |     1 ||     3
 Cast: Beastly Appendage |    16 |       ||    16
       Wereblood         |     1 |       ||     1
 Stab: Sleeping          |     5 |       ||     5
Armor: Skin              |     8 |       ||     8
Dodge: Dodged            |    43 |     8 ||    51
